amy, neutral female human Ranger ------ .....| --------------------------------- |....| |...............................| |....| |.----....-----.----+--..-----..| ##....<| |.|..|---.|(..-.-.(| |..|]((|..| # ----+- |.|..|..|.|._.|.|..| |..|(((|..| ### |.-|-|..|.|...|.--------.|...|..| # |....|..|.|...|.%..-../|.--|--..| ### |.{.%-|--.----|.%..|.//|........-###`## |..........-..|+--.-----..-----.|### ` |....-|--..|..| |........-.%%|.|# |.-|-|..|.----| |-|--....|.%%|%| |.|..|..|.-.+!| |...|---.-----.| ..|..|---.|."?| |...| +.q@..@.| |.|..|....|.)*| |...| |..q....| |.----....----- ---------.....{.| |................................ --------------------------------- amy the Trailblazer Experience level: 6 Strength: 15 Dexterity: 12 Constitution: 15 Intelligence: 14 Wisdom: 13 Charisma: 7 Health: 0(51) Energy: 32(32) Def: 7 Gold: 123 Moves: 2389 Dungeon seed: 3bURQtYBJW1UklKm Game ID: amy_1466769059 Your Inventory: Coins $ - 123 gold pieces Weapons a - an uncursed +1 dagger b - a blessed +2 bow (weapon in hand) c - 49 uncursed +2 arrows d - 28 uncursed +0 arrows (in quiver) j - 9 uncursed +2 arrows E - a blessed +0 arrow M - 3 uncursed +0 daggers T - 203 uncursed +0 arrows Armor e - an uncursed +2 cloak of displacement (being worn) n - an uncursed +0 oilskin cloak q - an uncursed +0 scale mail (being worn) r - an uncursed +0 pair of leather gloves z - an uncursed +0 pair of iron shoes Comestibles f - an uncursed cram ration I - an uncursed egg R - 3 uncursed melons W - 2 uncursed tins of goblin meat Scrolls s - an uncursed scroll of identify A - an uncursed scroll of enchant armor G - an uncursed scroll of confuse monster S - an uncursed scroll of enchant weapon Potions B - an uncursed potion of gain level J - an uncursed potion of paralysis L - an uncursed potion of extra healing Z - a cursed potion of blindness Wands g - a blessed wand of slow monster (0:3) y - an uncursed wand of enlightenment (0:14) Tools k - an uncursed skeleton key m - an uncursed magic whistle t - an uncursed +0 pick-axe v - a blessed tallow candle (0:200) Spells and supernatural/magical abilities: Name Level Category Fail Memory W - pray for help -- divine ? -- Your skills at the end: Miscellaneous Skills wands [Basic] Weapon Skills dagger [Basic] bow [Basic] Spellcasting Skills Final Attributes: You were devoutly aligned. You had automatic searching. You were displaced. You are dead. Vanquished creatures: a gnome king 3 soldier ants 4 gnome lords 2 gnomish wizards a little dog 5 dwarves a homunculus a kobold shaman 2 rothes a monkey a coyote a gas spore 2 hobbits a gecko a cave spider a brown mold a red mold 13 gnomes 10 manes 2 gnome zombies 6 jackals 3 newts a goblin 2 grid bugs 2 bats 2 lichens a kobold zombie 71 creatures vanquished. Voluntary challenges: You did not adorn yourself with jewelry or accessories. You used a wielded weapon 14 times, starting on turn 428. You did not apply a unicorn horn. You were illiterate. You never genocided any monsters. You never polymorphed an object. You never changed form. You used no wishes. You never split a pudding. You never wrote Elbereth's name. You never violated your personal moral code. Dungeon overview: The Dungeons of Doom: levels 1 to 3 Level 1 a long staircase Level 2 an armor shop, a sink stairs to The Gnomish Mines Level 3 The Gnomish Mines: levels 3 to 5 Level 3 stairs to The Dungeons of Doom Level 4 Level 5 <- You were here many shops, a temple to Mercury, a magic chest, some fountains History has recorded: On T:1 you entered the Dungeons of Doom to retrieve the Amulet of Yendor! On T:2 you reached level 2 of The Dungeons of Doom. On T:135 you reached level 1 of The Gnomish Mines. On T:364 you reached level 3 of The Dungeons of Doom. On T:428 you advanced to experience level 2. On T:690 you advanced to experience level 3. On T:977 you reached level 2 of The Gnomish Mines. On T:996 you advanced to experience level 4. On T:1316 you advanced to experience level 5. On T:1622 you reached level 3 of The Gnomish Mines. On T:1915 you entered the Minetown temple On T:1945 you advanced to experience level 6. On T:1974 you opened a magic chest. Score breakdown: Gold: 123 ( 12 points) Experience: 6 levels ( 500 points) Exploration: 5 levels ( 120 points) Discoveries: 6 items ( 300 points) Variety of kills: 27 monsters ( 1350 points) Major goal: reached Minetown ( 500 points) Survival: died (score multiplied by 3) Total score: 8346 Latest messages: The arrow hits the manes. You shoot 2 arrows. The 1st arrow hits something! You destroy the manes! You see here 3 uncursed +0 arrows. The manes misses. The manes punches you! The manes bites! You have a little trouble lifting d - 3 uncursed +0 arrows (in quiver). The arrow hits the manes. You destroy the manes! You see here 2 uncursed +0 arrows. You have a little trouble lifting d - 2 uncursed +0 arrows (in quiver). You see here 2 uncursed +0 arrows. You have a little trouble lifting d - 2 uncursed +0 arrows (in quiver). You hit the gas spore. You kill the gas spore! You are caught in the gas spore's explosion! "My feet hurt, I've been on them all day!" You see here a rothe corpse. The rothe claws you! The rothe bites! (2x) You die... Final status: Goodbye amy the Ranger, killed by a rothe... You died in The Gnomish Mines on dungeon level 5 with 8346 points, and 123 pieces of gold, after 2389 moves. You were level 6 with a maximum of 51 hit points when you died.